cohdb
Replays
Latest Replays
All Replays
Popular Replays
Top Player Replays
Match Explorer
How It Works
Community
CoH3 Stats
Reddit
Sign in to upload your games and track your stats! →
Sign in with Steam
Match 41622216
Unlisted
Match 41622216
Overview
Messages
Build Orders
End
Kettenkrad Recon Vehicle
Construct Infanterie Kompanie
Selects Terror Battlegroup
MG 42 Machine Gun Team
Grenadier Squad
Construct Panzergrenadier Kompanie
Selects Machine Gun Camouflage
Panzergrenadier Squad
Selects Interrogate
Medical Station
Support Elements
Nebelwerfer 42 Rocket Launcher Team
Panzergrenadier Squad
Construct Luftwaffe Kompanie
Jäger Squad
Construct Panzer Kompanie
Selects No Quarter
Stoßtruppen Squad
Panzer IV Medium Tank
Side Skirts
Panzer Officer Quarters
Selects Jericho Trumpet
Pioneer Squad
Panzer IV Medium Tank
Selects V1 Rocket Strike
Stoßtruppen Squad
V1 Rocket Strike
Stoßtruppen Squad
V1 Rocket Strike
Jäger Squad
Selects King Tiger Heavy Tank
mr_ako
KevinTDW
joosty22
Soud
0
0
Comments
sign in to comment!
No comments posted yet!